 Dungeon Crawl Stone Soup version 0.30-a0-165-g1891117ce2 (webtiles) character file.

Game seed: 13145604826517961833

79 Anon1729 the Ducker (level 4, 0/55 HPs)
             Began as a Merfolk Monk on Sept 28, 2022.
             Was a Believer of Okawaru.
             Succumbed to an orc wizard's poison
             ... on level 2 of the Dungeon.
             The game lasted 00:02:25 (2312 turns).

Anon1729 the Ducker (Merfolk Monk)                  Turns: 2312, Time: 00:02:26

Health: 0/55       AC: 22    Str: 11    XL:     4   Next: 38%
Magic:  4/4        EV:  2    Int:  9    God:    Okawaru [**....]
Gold:   123        SH:  0    Dex: 18    Spells: 3/3 levels left

rFire   . . .      SeeInvis .    a - +0 short sword
rCold   . . .      Faith    .    (no shield)
rNeg    . . .      Spirit   .    (body armour currently unavailable)
rPois   +          Reflect  .    (helmet currently unavailable)
rElec   .          Harm     .    (cloak currently unavailable)
rCorr   .          Rampage  .    (gloves currently unavailable)
Will    .....      NoTele   +    (boots currently unavailable)
Stlth   +.........               (no amulet)
HPRegen 0.18/turn                (no ring)
MPRegen 0.09/turn                (no ring)

@: confused, lethally poisoned (0 -> -18), tree-form, attractive, hasted, very
quick
A: stationary, stasis, torment immunity, boosted hp, (nimble swimmer 2),
(mertail)
a: Renounce Religion, Heroism


You were on level 2 of the Dungeon.
You worshipped Okawaru.
Okawaru was pleased with you.
You were a tree.
You visited 1 branch of the dungeon, and saw 3 of its levels.

You collected 123 gold pieces.

Inventory:

Hand Weapons
 a - a +0 short sword (weapon)
Missiles
 l - 2 boomerangs of dispersal (quivered)
Armour
 b - a +0 robe (melded)
 k - a +0 pair of gloves (melded)
Scrolls
 g - a scroll of brand weapon {unknown}
 h - a scroll of enchant armour {unknown}
 i - 2 scrolls of enchant weapon {unknown}
Potions
 e - a potion of flight


   Skills:
 + Level 4.0 Fighting
 + Level 4.3 Short Blades
 + Level 4.8 Dodging
 + Level 3.1 Stealth
 + Level 0.4 Invocations


You had 3 spell levels left.
You didn't know any spells.
Your spell library contained the following spells:

 Spells                   Type           Power      Damage    Failure   Level
 Dazzling Flash           Conj/Hex       0%         N/A       77%         3
 Agony                    Necr           0%         N/A       100%        5
 Silence                  Hex/Air        0%         N/A       100%        5


Dungeon Overview and Level Annotations

Branches:
Dungeon (3/15)

Altars:
Okawaru


Innate Abilities, Weirdness & Mutations

You are a tree.
Your roots penetrate the ground, keeping you stationary.
You cannot be teleported.
You are immune to unholy pain and torment.
Your maximum health is greatly increased.
Your equipment is partially melded.
((You are very nimble when in or above water. (Stealth+, EV+, Speed+++)))
((Your lower body shifts to a powerful aquatic tail in water.))


Message History

You bump into the rock wall.
You feel very sick.
The orc wizard gestures at you while chanting.
The magic dart hits you.
* * * LOW HITPOINT WARNING * * *
You bump into the rock wall.
* * * LOW HITPOINT WARNING * * *
You feel very sick.
The orc wizard hits you with a +1 dagger of venom.
* * * LOW HITPOINT WARNING * * *
It was a potion of lignification.
You turn into a tree.
Your +0 pair of gloves melds into your body.
Your +0 robe melds into your body.
Your roots penetrate the ground.
* * * LOW HITPOINT WARNING * * *
You feel very sick.
The orc wizard hits you but does no damage.
Okay, then.
You cannot move. (Use ctrl+direction or * direction to attack while stationary and confused.)
You cannot move. (Use ctrl+direction or * direction to attack while stationary and confused.) Unknown command.
You swing at nothing.
* * * LOW HITPOINT WARNING * * *
You feel sick.
The orc wizard hits you but does no damage.
You nearly hit yourself!
You feel less invigorated.
You feel sick.
The orc wizard hits you but does no damage.
You are lethally poisoned!
You closely miss the orc wizard.
The orc wizard is almost dead.
* * * LOW HITPOINT WARNING * * *
You feel sick.
The orc wizard hits you but does no damage.
You are more poisoned.
It was a potion of attraction.
You feel attractive to monsters.
* * * LOW HITPOINT WARNING * * *
You feel very sick.
The orc wizard hits you but does no damage.
It was a potion of haste.
You feel yourself speed up.
You die...

####...........#))#######
#...........##.#..#
#.##......#.#..#..########
#.##.######.#............#
#.##.#.#......#...######.#
#.##.#.#.##.###...# #.#
#.##...#.##.......# #.#
#####.####.#.######.#.######.####
................♣o...............
#####.####.#..##..#.#.#####..####
#.# #.#..##..#.#........# #.#
#.#..##.......###)..# #####.#
#....##.##.##.###...# #...#.#
#....+<..(......#...#
#.#.#.####....##..##.#.#.#...#
#+#.#.#...........##.#.#.#.#.#
....#.#.##.##.##.#.....#.#.#.#


You could see an orc wizard.

Vanquished Creatures
  2 adders (D:2)
  A dart slug (D:2)
  2 orcs (D:3)
  4 ball pythons
  4 bats
  4 endoplasms
  A giant cockroach (D:1)
  5 goblins
  5 hobgoblins
  3 kobolds
  A frilled lizard (D:2)
  4 rats
36 creatures vanquished.

Vanquished Creatures (others)
  An orc wizard (D:3)
1 creature vanquished.

Grand Total: 37 creatures vanquished

Notes
Turn   | Place    | Note
-------+----------+-------------------------------------------
     0 | D:1      | Anon1729 the Merfolk Monk began the quest for the Orb.
     0 | D:1      | Reached XP level 1. HP: 18/18 MP: 1/1
   133 | D:1      | Reached XP level 2. HP: 24/24 MP: 2/2
   456 | D:1      | Found a faded altar of an unknown god.
   633 | D:1      | Prayed at the altar of an unknown god.
   633 | D:1      | Became a worshipper of Warmaster Okawaru
   633 | D:1      | Reached * piety under Okawaru
   633 | D:1      | Reached ** piety under Okawaru
  1225 | D:2      | Reached XP level 3. HP: 29/29 MP: 3/3
  1426 | D:2      | Reached *** piety under Okawaru
  1977 | D:2      | Reached XP level 4. HP: 37/37 MP: 4/4
  2312 | D:2      | Succumbed to an orc wizard's poison

Illustrated notes

Levels and vault maps discovered:
D:1:      minmay_arrival_split_and_join, layout_loops_ring,
          basic_ecumenical_altar
D:2:      layout_basic
D:3:      kennysheep_the_goblin_king, layout_loops_cross,
          yredelemnul_forgotten_temple_becter, mrwooster_statue_mirror,
          kennysheep_generic_room_5, uniq_jessica

Skill      XL: |  1  2  3  4 |
---------------+-------------+-----
Short Blades   | 4 |  4.3
Stealth        | 3 |  3.1
Fighting       | 4 |  4.0
Dodging        | |  4.8
Invocations    | |  0.4

Action                   |  1- 3 |  4- 6 || total
-------------------------+-------+-------++-------
Melee: Short sword       |   121 |    28 ||   149
       Punch             |     4 |       ||     4
  Use: Potion            |       |     5 ||     5
 Stab: Sleeping          |     8 |     1 ||     9
Armor: Robe              |    12 |     2 ||    14
       Skin              |       |     5 ||     5
Dodge: Dodged            |    62 |     8 ||    70

Table legend: (Time is in decaauts)
 A = Elapsed time spent in this place.
 B = Non-inter-level travel time spent in this place.
 C = Inter-level travel time spent in this place.
 D = Time resting spent in this place.
 E = Time spent auto-exploring this place.
 F = Levels seen in this place.
 G = Mean time per level.
                   A        B        C        D        E       F      G
               +--------+--------+--------+--------+--------+-----+--------+
         Total |   2283 |   2083 |    200 |    151 |   1632 |   3 |  761.0 |
       Dungeon |   2283 |   2083 |    200 |    151 |   1632 |   3 |  761.0 |
               +--------+--------+--------+--------+--------+-----+--------+

Top non-repeatable levels by time:
     D:1: 1215 daAuts
     D:2: 1033 daAuts
     D:3: 34 daAuts
